 Dungeon Crawl Stone Soup version 0.13-a0-2960-g2f00e6d (webtiles) character file.

14114 PolkaDot the Covert (level 11, -5/73 (75) HPs)
             Began as a Vampire Assassin on Sept 6, 2013.
             Was a High Priest of Vehumet.
             Slain by a blink frog (18 damage)
             ... on Level 2 of the Lair of Beasts.
             The game lasted 02:03:09 (14365 turns).

PolkaDot the Covert (Vampire Assassin)             Turns: 14365, Time: 02:03:09

HP  -5/73 (75)   AC  9     Str 10      XL: 11   Next: 77%
MP   6/23        EV 15     Int 14      God: Vehumet [*****.]
Gold 569         SH  0     Dex 17      Spells:  6 memorised,  3 levels left

Res.Fire  : + + .   See Invis. : +   v - +3,+5 dagger of Opni Jul {vamp, +Inv rElec Res.Cold : + . . Warding : . A - +1 robe {MR+} Life Prot.: . . . Conserve : . (no shield)
Res.Poison: .       Res.Corr.  : +   (no helmet)
Res.Elec. : +       Clarity    : .   y - +1 elf cloak
Sust.Abil.: . .     Spirit.Shd : .   w - +2 pair of gauntlets
Res.Mut.  : .       Stasis     : .   G - +0 pair of boots
Res.Rott. : .       Flight     : .   C - amulet of resist corrosion
Saprovore : . . .                    c - ring of wizardry
                                     E - cursed ring of wizardry

@: regenerating very quickly, quite resistant to hostile enchantments,
extraordinarily stealthy
A: bottle blood, fangs 3, see invisible, unbreathing
a: Bottle Blood, Renounce Religion, Evoke Invisibility


You were on level 2 of the Lair of Beasts.
You worshipped Vehumet.
Vehumet was extremely pleased with you.
You were almost alive.

You visited 2 branches of the dungeon, and saw 14 of its levels.

You collected 759 gold pieces.
You spent 240 gold pieces at shops.

Inventory:

Hand weapons
 a - a cursed +2,+1 dagger of electrocution (quivered)
 b - a +0 blowgun
 i - a +2,+1 dwarven short sword of holy wrath
 q - a +0,+4 flail of holy wrath
 s - a +2,+2 orcish dagger of protection
 v - the +3,+5 dagger of Opni Jul (weapon) {vamp, +Inv rElec rF++ rC+ Stlth++}
   (You found it on level 1 of the Lair of Beasts)

   It inflicts no extra harm, but heals its wielder somewhat when it strikes a
   living foe.
   It greatly protects you from fire.
   It protects you from cold.
   It insulates you from electricity.
   It lets you turn invisible.
   It makes you much more stealthy.
Missiles
 e - 58 poisoned needles
 f - 2 curare-tipped needles
 k - 8 needles of sleeping
 n - 4 needles of slowing
Armour
 w - a +2 pair of gauntlets (worn)
 y - a +1 elven cloak (worn)
 A - a +1 robe of magic resistance (worn)
 G - a +0 pair of boots (worn)
Magical devices
 j - a wand of teleportation (0)
 l - a wand of flame (8)
 m - a wand of enslavement (5)
 F - a wand of teleportation (5)
 H - a wand of draining (4)
 J - a wand of magic darts (4)
 R - a wand of polymorph (6)
 S - a wand of fireball (3)
Scrolls
 h - 2 scrolls of enchant weapon II
 o - a scroll of fear
 p - a scroll of enchant armour
 r - 3 scrolls of teleportation
 x - a scroll of amnesia
 z - 6 scrolls of remove curse
 O - a scroll of blinking
 P - a scroll of magic mapping
Jewellery
 c - a ring of wizardry (right hand)
 t - an uncursed ring of regeneration
 C - an amulet of resist corrosion (around neck)
 E - a cursed ring of wizardry (left hand)
Potions
 d - 11 potions of blood
 g - 2 potions of restore abilities
 u - a potion of cure mutation
 I - a potion of flight
 L - a potion of speed
Books
 K - a book of the Sky

   Spells                             Type                      Level
   Flight                             Charms/Air                   3
   *Airstrike                         Air                          4
   Silence                            Hexes/Air                    5
   Deflect Missiles                   Charms/Air                   6
   Conjure Ball Lightning             Conjuration/Air              7
   Tornado                            Air                          9
 N - a book of Conjurations

   Spells                             Type                      Level
   Magic Dart                         Conjuration                  1
   Searing Ray                        Conjuration                  2
   Dazzling Spray                     Conjuration/Hexes            3
   Iskenderun's Mystic Blast          Conjuration                  4
   Iskenderun's Battlesphere          Conjuration/Charms           4
   Fulminant Prism                    Conjuration/Hexes            5
Miscellaneous
 B - a bottled efreet


   Skills:
 - Level 4.0 Fighting
 - Level 5.0 Short Blades
 - Level 1.5 Throwing
 - Level 5.1 Dodging
 - Level 11.6 Stealth
 + Level 6.3 Spellcasting
 - Level 5.2 Conjurations
 - Level 9.5 Ice Magic
 * Level 6.2 Air Magic
 - Level 5.6 Poison Magic


You had 3 spell levels left.
You knew the following spells:

 Your Spells              Type           Power        Failure   Level  Hunger
a - Airstrike             Air            ###.......   1%          4    ####...
d - Throw Icicle          Conj/Ice       ####....     1%          4    ####...
f - Conjure Flame         Conj/Fire      ##......     2%          3    ###....
s - Throw Frost           Conj/Ice       ####..       1%          2    #......
x - Venom Bolt            Conj/Pois      ###.......   6%          5    #####..
z - Sting                 Conj/Pois      ###.         1%          1    None


Dungeon Overview and Level Annotations

Branches:
Dungeon (12/27)            Temple (0/1) D:7             Orc (0/4) D:7
   Lair (2/8) D:11

Altars:
Ashenzari
Nemelex Xobeh
Okawaru
Sif Muna
Trog
Vehumet
Zin

Shops:
D:11 =

Annotations:
D:10 docbrown's ghost, experienced TrMo


Innate Abilities, Weirdness & Mutations

Your natural rate of healing is extremely fast.
You can bottle blood from corpses.
You have razor-sharp teeth.*
You have supernaturally acute eyesight.
You can survive without breathing.*


Message History

Confirm with . or Enter, or press ? or * to list all spells.
Aiming: Sting
Press: ? - help, Shift-Dir - straight line, f/p - blink frog
Aim: a blink frog (lightly wounded)
The sting hits the blink frog.
The blink frog is poisoned.
The blink frog is lightly wounded.
The blink frog blinks!
The blink frog barely misses you. The blink frog closely misses you.
The blink frog momentarily phases out as your attack passes through it.
The blink frog is lightly wounded.
The blink frog hits you!
* * * LOW HITPOINT WARNING * * *
You draw the blink frog's blood!
You feel better.
You feel slightly more full.
You slash the blink frog!
You feel better.
The blink frog is moderately wounded.
The blink frog looks more healthy.
The blink frog hits you!
* * * LOW HITPOINT WARNING * * *
Drink which item? (? for menu, Esc to quit)
Yummy - fresh blood!
The blink frog hits you!
You die...

#..≈.%....###
#.%.......#
#..%...#.##
##....##.##
######..P# #.P##
#.## ## ##..## #..
###@##.# ....
#####.#F#.##
.....#####.##...F.#
.........F......F##
...####...F..F....##
###.#P.......####
###...........#
#..........##
#...........P#


You could see 4 blink frogs.

Vanquished Creatures
  Harold (D:11)
  Erica (D:10)
  3 hill giants
  2 spiny frogs (Lair:1)
  3 trolls
  Grinder (D:4)
  Prince Ribbit (D:6)
  A two-headed ogre (D:12)
  A queen bee (D:12)
  4 blink frogs
  A shadow (D:8)
  3 yaks (Lair:2)
  Eustachio (D:4)
  A hippogriff (D:11)
  A manticore (D:11)
  Edmund (D:4)
  5 necrophages (Lair:2)
  A sky beast (D:10)
  A porcupine (Lair:1)
  7 centaurs
  4 ogres
  5 orc warriors
  5 ice beasts
  2 black bears (D:7)
  2 crocodiles
  Sigmund (D:6)
  A giant slug (Lair:1)
  8 giant frogs
  Blork the orc (D:6)
  2 agate snails (Lair:1)
  2 gnoll sergeants
  A wyvern skeleton (D:9)
  A yak zombie (D:10)
  An eye of draining (D:8)
  4 killer bees
  5 wights
  8 crimson imps
  5 goliath beetles
  2 giant frog skeletons
  6 orc priests
  14 orc wizards
  3 scorpions
  3 gnoll shamans (D:5)
  6 hounds
  A black bear skeleton (D:9)
  5 worker ants
  2 iguanas
  A quasit (D:5)
  An ogre skeleton (D:6)
  A hound zombie (D:6)
  Terence (D:2)
  A worker ant zombie (D:3)
  A mummy (D:11)
  14 adders
  50 gnolls
  4 green rats (D:4)
  3 worms
  A scorpion zombie (D:5)
  A giant centipede zombie (D:10)
  2 adder skeletons
  3 giant eyeballs
  10 giant geckos
  58 orcs
  A ball python (D:1)
  22 bats
  A bat zombie (D:8)
  6 giant cockroaches
  12 goblins
  14 hobgoblins
  22 jackals
  14 kobolds
  4 quokkas
  6 giant newts
  A giant spore (D:9)
  A jackal skeleton (D:6)
  A quokka skeleton (D:5)
  21 rats
  2 ballistomycetes (D:9)
420 creatures vanquished.

Vanquished Creatures (others)
  A plant (D:4)
1 creature vanquished.

Grand Total: 421 creatures vanquished

Notes
Turn   | Place    | Note
--------------------------------------------------------------
     0 | D:1      | PolkaDot, the Vampire Assassin, began the quest for the Orb.
     0 | D:1      | Reached XP level 1. HP: 15/15 MP: 1/1
    56 | D:1      | Reached skill level 6 in Stealth
   288 | D:1      | Reached XP level 2. HP: 21/21 MP: 2/2
   507 | D:1      | Reached XP level 3. HP: 26/26 MP: 3/3
   556 | D:1      | Reached skill level 7 in Stealth
   748 | D:2      | Noticed Terence
   780 | D:2      | Killed Terence
   959 | D:2      | Reached XP level 4. HP: 31/33 MP: 4/4
  1033 | D:2      | Found a shattered altar of Ashenzari.
  1062 | D:2      | Found a sparkling altar of Nemelex Xobeh.
  1556 | D:3      | Reached XP level 5. HP: 39/39 MP: 5/5
  1770 | D:3      | Reached skill level 8 in Stealth
  2053 | D:3      | Noticed an ogre
  2058 | D:3      | Killed an ogre
  2058 | D:3      | Reached XP level 6. HP: 45/45 MP: 6/6
  2098 | D:3      | Found an iron altar of Okawaru.
  2483 | D:4      | Found a radiant altar of Vehumet.
  2484 | D:4      | Noticed Grinder
  2525 | D:4      | Noticed Eustachio
  2583 | D:4      | Killed Eustachio
  2583 | D:4      | Reached skill level 9 in Stealth
  2602 | D:4      | Found a glowing silver altar of Zin.
  2602 | D:4      | Noticed an angel
  2630 | D:4      | Noticed Edmund
  2669 | D:4      | Killed Edmund
  2669 | D:4      | Reached XP level 7. HP: 28/51 MP: 7/7
  3009 | D:4      | Reached skill level 10 in Stealth
  3351 | D:4      | Killed Grinder
  3632 | D:4      | Became a worshipper of Vehumet
  3651 | D:5      | Entered Level 5 of the Dungeon
  3680 | D:5      | Reached XP level 8. HP: 34/58 MP: 8/8
  3839 | D:5      | Reached skill level 11 in Stealth
  3880 | D:5      | Reached skill level 5 in Short Blades
  4107 | D:5      | Reached skill level 1 in Spellcasting
  4247 | D:5      | Acquired Vehumet's first power
  4247 | D:5      | Offered knowledge of Sting by Vehumet.
  4247 | D:5      | Reached skill level 5 in Dodging
  4253 | D:5      | Learned a level 1 spell: Sting
  4454 | D:5      | Reached skill level 1 in Poison Magic
  4467 | D:5      | Reached skill level 1 in Conjurations
  4969 | D:5      | Offered knowledge of Throw Frost by Vehumet.
  4973 | D:5      | Learned a level 2 spell: Throw Frost
  5134 | D:5      | Reached skill level 1 in Ice Magic
  5411 | D:5      | Offered knowledge of Inner Flame by Vehumet.
  5620 | D:6      | Noticed Prince Ribbit
  5627 | D:6      | Reached XP level 9. HP: 45/63 MP: 14/14
  5704 | D:6      | Noticed Blork the orc
  5969 | D:6      | Acquired Vehumet's second power
  6010 | D:6      | Noticed Sigmund
  6038 | D:6      | Killed Blork the orc
  6088 | D:6      | HP: 2/63 [orc wizard/magic dart (6)]
  6323 | D:6      | Killed Prince Ribbit
  6668 | D:6      | Offered knowledge of Conjure Flame by Vehumet.
  6699 | D:6      | Killed Sigmund
  6699 | D:6      | Reached skill level 5 in Ice Magic
  6704 | D:6      | Learned a level 3 spell: Conjure Flame
  7582 | D:7      | Acquired Vehumet's third power
  7591 | D:7      | Found a staircase to the Ecumenical Temple.
  7832 | D:7      | Reached XP level 10. HP: 61/70 MP: 1/19
  7922 | D:7      | Noticed a moth of wrath
  7924 | D:7      | Found a bloodstained altar of Trog.
  7940 | D:7      | Offered knowledge of Venom Bolt by Vehumet.
  7991 | D:7      | Learned a level 5 spell: Venom Bolt
  8224 | D:7      | Found a staircase to the Orcish Mines.
  9230 | D:8      | Found a deep blue altar of Sif Muna.
  9230 | D:8      | Found a glowing silver altar of Zin.
  9772 | D:9      | Offered knowledge of Throw Icicle by Vehumet.
  9792 | D:9      | Learned a level 4 spell: Throw Icicle
 10285 | D:10     | Entered Level 10 of the Dungeon
 10408 | D:10     | Noticed a hill giant
 10421 | D:10     | Killed a hill giant
 10421 | D:10     | Reached skill level 5 in Poison Magic
 10466 | D:10     | Noticed Erica
 10495 | D:10     | HP: 2/70 [Erica/scimitar of flaming (9)]
 10499 | D:10     | Killed Erica
 11344 | D:10     | Reached XP level 11. HP: 75/75 MP: 10/21
 11488 | D:10     | Noticed docbrown's ghost (experienced TrMo)
 11636 | D:11     | Learned a level 4 spell: Airstrike
 11713 | D:11     | Found Veunojo's Jewellery Boutique.
 11732 | D:11     | Bought an uncursed amulet of resist corrosion for 240 gold pieces
 11827 | D:11     | Noticed a hill giant
 11844 | D:11     | Killed a hill giant
 11844 | D:11     | Reached skill level 5 in Conjurations
 11844 | D:11     | Reached skill level 1 in Air Magic
 12020 | D:11     | Found a staircase to the Lair.
 12118 | D:11     | Reached skill level 5 in Spellcasting
 12119 | D:11     | Noticed a hill giant
 12122 | D:11     | Killed a hill giant
 12157 | D:11     | Noticed Harold
 12166 | D:11     | Killed Harold
 12898 | Lair:1   | Entered Level 1 of the Lair of Beasts
 13635 | Lair:1   | Gained mutation: Your flesh is heat resistant. [potion of mutation]
 13635 | Lair:1   | Gained mutation: You occasionally shout uncontrollably. [potion of mutation]
 13635 | Lair:1   | Gained mutation: You are frail (-10% HP). [potion of mutation]
 13636 | Lair:1   | Lost mutation: You occasionally shout uncontrollably. [potion of cure mutation]
 13636 | Lair:1   | Lost mutation: You are frail (-10% HP). [potion of cure mutation]
 13636 | Lair:1   | Lost mutation: Your flesh is heat resistant. [potion of cure mutation]
 13825 | Lair:1   | Got a dazzling dagger
 13826 | Lair:1   | Identified the dagger of Opni Jul {vamp, +Inv rElec rF++ rC+ Stlth++} (You found it on level 1 of the Lair of Beasts)
 14006 | Lair:1   | Reached skill level 5 in Air Magic
 14365 | Lair:2   | Slain by a blink frog

Action                   |  1- 3 |  4- 6 |  7- 9 | 10-12 || total
-------------------------+-------+-------+-------+-------++-------
Melee: Dagger            |    84 |   131 |   464 |   546 ||  1225
 Cast: Sting             |       |       |   223 |   279 ||   502
       Throw Frost       |       |       |    17 |    88 ||   105
       Conjure Flame     |       |       |     4 |     8 ||    12
       Venom Bolt        |       |       |       |    15 ||    15
       Throw Icicle      |       |       |       |    28 ||    28
       Airstrike         |       |       |       |    46 ||    46
 Abil: Bottle Blood      |       |     5 |    62 |    55 ||   122
       Evoke Invisibilit |       |       |       |     1 ||     1
Evoke: Wand              |       |       |     4 |     7 ||    11
  Use: Potion            |     2 |    10 |    37 |    82 ||   131
       Scroll            |       |    11 |    12 |     9 ||    32
 Stab: Sleeping          |    11 |    11 |    35 |    32 ||    89
       Distracted        |       |     3 |     6 |       ||     9
